← All builds
Tech / Armada / Economy first / OBSERVED BUILD

Standard tech

Armada Tech (Eco) build order · Supreme Isthmus

Rushes T2 by 4:15, gets Advanced Metal Extractor around 5:28, hands off T2 constructors to Geo and the team, then scales eco and supplies the team's T2 needs through the rest of the game.

Usually first T2 con to Geo (83%)

#eco #t2 #team support · 1574 distinct matches · 255 players · 58% of Armada Tech games · team won 53% of 1868 · Recently observed

HOW TO PLAY IT

Key timing: T2 factory by 4:15

  1. Open 3 mex and heavy wind to fund a fast T2 rush.
  2. Put down Bot Lab, planning to eat it for reclaim soon after.
  3. Get Advanced Bot Lab up, hitting the T2 factory rush timing.
  4. Upgrade mex to Advanced Metal Extractor to lock in team metal income.
  5. Eat Advanced Bot Lab and keep sending cons to Geo and Pond.

Phase by phase

TYPICAL OF ITS 1574 GAMES
  1. 1
  2. 2
  3. 3
  4. 4
PLAY THE OPENING

Follow the example game's first 6:00 step by step: what to build now, what comes next, and where it goes. At 1× it keeps pace with your own game.

  1. 1

    Up to the Bot Lab

    Economy
    • Metal Extractor3Mex
    • Wind Turbine4Wind
    Order
    1. Bot LabBot Lab after 3 mex, 4 winddone ~1:18, middle half 1:13–1:32

    Some games also: energy storage (31%)

    By 1:01 in all: 3 mex · 4 wind

    The example game in this phase · 4 steps
    1. Mex ×3
    2. Wind ×4
    3. Energy storage
    4. Bot LabBot Labdone 1:33 · typical 1:18
  2. 2

    Bot Lab to Advanced Bot Lab

    Economy
    • Metal Extractor1Mex
    • Wind Turbine8Wind
    • Energy Storage1Energy storage
    Order
    1. Advanced Bot LabAdvanced Bot Lab after 4 mex, 12 wind, 3 con turretdone ~4:16, middle half 4:04–4:30
    Builders
    • Construction Turret3 Con turret
    • Lazarus3 Lazarus
    • Construction Bot2 Con bot
    • Construction Bot1 Con bot for allies

    Some games also: converter (36%)

    By 3:18 in all: 4 mex · 12 wind · 1 energy storage · 3 con turret

    The example game in this phase · 14 steps
    1. Construction BotCon bot
    2. Wind
    3. LazarusLazarus
    4. Wind
    5. LazarusLazarus
    6. Construction BotCon bot
    7. Mex
    8. LazarusLazarus
    9. Con turret
    10. Wind
    11. Con turret
    12. Wind
    13. Converter
    14. Advanced Bot LabAdvanced Bot Labdone 3:58 · typical 4:16
  3. 3

    Advanced Bot Lab to 5:00

    Economy
    • Wind Turbine3Wind
    Order
    1. Bot LabEat Bot Lab
    Builders
    • Advanced Construction Bot1 T2 con bot for allies

    Some games also: converter (35%)

    By 5:00 in all: 4 mex · 15 wind · 1 converter · 1 energy storage · 3 con turret

    The example game in this phase · 9 steps
    1. Bot LabEat Bot Labreclaimed for its metal
    2. Converter
    3. Wind ×4
    4. Advanced Construction BotT2 con bot ×2for Geo
    5. Wind
    6. Advanced Metal ExtractorT2 mexdone 5:19 · typical 5:29
    7. Wind
    8. Advanced Metal ExtractorT2 mex ×2
    9. Wind
  4. 4

    5:00 to 10:00

    Economy
    • Wind Turbine43Wind
    • Energy Converter6Converter
    Builders
    • Butler9 Butler
    • Advanced Construction Bot4 T2 con bot for allies
    • Advanced Construction Bot1 T2 con bot

    Some games also: con turret (43%) · Butler for allies (37%)

    By 10:00 in all: 4 mex · 58 wind · 8 converter · 1 energy storage · 3 con turret

    The example game in this phase · 188 steps
    1. Advanced Metal ExtractorT2 mex
    2. ButlerButler ×2
    3. Advanced Construction BotT2 con bot
    4. ButlerButler ×2
    5. Advanced Construction BotT2 con botfor Geo sea
    6. Wind ×3
    7. GunslingerGunslingerdone 7:30
    8. Wind ×8
    9. Advanced Construction BotT2 con botfor Pond
    10. Wind ×6
    11. ButlerButler
    12. Wind ×3
    13. ButlerButler
    14. Wind ×3
    15. ButlerButler
    16. Wind ×3
    17. ButlerButler
    18. Wind ×2
    19. Advanced Construction BotT2 con botfor Geo sea
    20. Wind ×2
    21. Converter
    22. Wind ×4
    23. Converter
    24. ButlerButler
    25. Wind ×4
    26. ButlerButler
    27. Wind ×3
    28. Converter
    29. Wind
    30. Mexfor Geo sea
    31. Wind ×2
    32. ButlerButler
    33. Wind ×3
    34. Converter
    35. ThistleThistle
    36. ButlerButler
    37. Wind ×3
    38. Converter
    39. Advanced Construction BotT2 con botfor Beach sea
    40. Wind
    41. Converter
    42. Wind ×4
    43. Converter ×2
    44. Wind ×3
    45. ButlerButler
    46. Wind ×4
    47. Converter ×2
    48. ButlerButler
    49. Wind ×3
    50. Converter ×2
    51. Advanced Construction BotT2 con bot
    52. Wind ×3
    53. ArchangelArchangeldone 9:47
    54. Wind ×3
    55. Converter ×2
    56. Wind ×3
    57. Converter
    58. Wind
    59. ArchangelArchangel
    60. Converter
    61. Wind ×4
    62. Converter
    63. Wind
    64. Converter
    65. Wind ×2
    66. Converter
    67. ArchangelArchangel
    68. Advanced Construction BotT2 con bot
    69. Wind
    70. Converter
    71. Wind ×3
    72. Converter
    73. Wind ×4
    74. Converter
    75. Wind
    76. ButlerButler
    77. Wind ×3
    78. Converter
    79. Wind ×3
    80. ButlerButler
    81. Wind
    82. Converter
    83. Wind ×2
    84. Converter
    85. Wind
    86. ButlerButler
    87. Wind ×3
    88. Converter
    89. Wind ×2
    90. ButlerButler
    91. Wind ×3
    92. Converter
    93. Wind ×3
    94. Converter
    95. Wind ×6
    96. Converter
    97. Wind ×5
    98. Converter
    99. Wind ×5
    100. Con turret
    101. Wind ×2
    102. Converter
    103. Wind ×5
    104. Converter
    105. Wind ×3
    106. Con turret
    107. Converter
    108. Wind ×7
    109. Con turret
    110. Converter
    111. Wind ×7
    112. Converter
    113. Con turret
    114. Wind ×6
    115. Converter
    116. Wind
    117. Con turret
    118. Wind ×5
    119. T2 converter
    120. Wind
    121. Converter
    122. Wind
    123. Con turret
    124. Wind ×3
    125. Converter
    126. Wind ×8
    127. Converter
    128. Wind
    129. Converter
    130. Wind ×5
    131. Converter ×2
    132. Wind ×4
    133. Advanced Bot LabEat Advanced Bot Labreclaimed for its metal
    134. Wind
    135. CitadelAnti-nukedone 13:06
    136. Wind ×3
    137. Converter
    138. Wind ×2
    139. Converter
    140. Wind
    141. Fusion ReactorFusiondone 13:23
    142. Wind ×8
    143. Converter
    144. Wind ×3
    145. Converter
    146. Wind ×10
    147. Converter ×2
    148. Wind ×10
    149. Converter ×2
    150. Wind ×13
    151. Converter
    152. Wind
    153. Converter
    154. Wind ×10
    155. Converter ×2
    156. Wind ×9
    157. Converter ×2
    158. Wind ×2
    159. T2 converter
    160. Wind ×3
    161. Con turret
    162. Wind
    163. Con turret
    164. Wind ×5
    165. Converter ×2
    166. Wind ×9
    167. Converter
    168. Wind
    169. Converter
    170. Wind ×2
    171. T2 converter
    172. Wind ×2
    173. Con turret
    174. Wind ×3
    175. Con turret
    176. Wind ×2
    177. Converter ×2
    178. Wind ×2
    179. Con turret
    180. Wind ×2
    181. Converter
    182. Con turret
    183. Converter
    184. Wind ×6
    185. Converter
    186. Wind
    187. Converter
    188. Wind

Counts are medians over the build's games: half of them build more, half fewer. The example game is Jockeljkl's (31 OS, 10/09/2026); pick another.

Team trades

IN AT LEAST 30% OF ITS GAMES

You hand over

  • Construction Bot1 Con bot to Airfirst at 2:24 · in 84% of games
  • Advanced Construction Bot5 T2 con bot to Air or Geo sea or Pondfirst at 4:50 · in 99% of games
  • Butler2 Butler to Geo sea or Beach sea or Pondfirst at 9:07 · in 42% of games

You get

  • Hercules1 Light transport from Airfirst at 4:01 · in 86% of games

How it plays out

Typical game of this build, running totals by minute

Metal produced

020k40k
0:005:0010:0015:00

metal

Enemy metal destroyed

050100
0:005:0010:0015:00

metal

Own metal lost

050100150
0:005:0010:0015:00

metal

1868 games.

Show as table
ByMetal produced: This buildEnemy metal destroyed: This buildOwn metal lost: This build
1:0038300
2:0091500
3:00165100
4:00314300
5:00484800
6:00580000
7:00722700
8:00906100
9:001116900
10:001350200
11:001623900
12:001965200
13:002344100
14:0027357074
15:003153885130
WHAT THE NUMBERS SAY

Standard Tech play barely fights at all early, instead pouring metal into T2 infrastructure and constructors for the team.

  • + Metal produced hits 31679 by 15:00, by far the highest of any role here.
  • + T2 factory reached in 97% of games by 4:15, fastest and most reliable T2 timing.
  • − Enemy metal destroyed stays at 0 through 10:00, no early offense at all.
  • − Own metal lost also near 0, showing total avoidance of combat risk.
THE EXAMPLE YOU ARE READING

Jockeljkl

30.8 OS · 10/09/2026

Open source match ↗

2 received units
1447 metal received · 64184 energy received

Allied construction assistance is unknown. Timings are observations, not a promise of solo reproducibility.

Typical milestones

Bot Lab1:18Middle 50%: 1:13–1:32 · n=1868
Advanced Bot Lab4:16Middle 50%: 4:04–4:30 · n=1861
Advanced Metal Extractor5:29Middle 50%: 5:06–5:59 · n=1864

Played most by

Amrissa93games of this buildTheGeneraI66games of this buildAdeus57games of this buildEl_Turco56games of this buildKOT_43games of this build